 Dungeon Crawl Stone Soup version 0.19.1-1-g22dce08 (webtiles) character file.

468 dngmouse the Covert (level 6, 0/41 HPs)
             Began as a Vampire Enchanter on Jan 4, 2017.
             Was an Initiate of Sif Muna.
             Slain by a hound (6 damage)
             ... on level 4 of the Dungeon.
             The game lasted 00:14:02 (4316 turns).

dngmouse the Covert (Vampire Enchanter)             Turns: 4316, Time: 00:14:03

Health: 0/41       AC:  3    Str:  7    XL:     6   Next: 81%
Magic:  0/10       EV: 13    Int: 19    God:    Sif Muna [......]
Gold:   153        SH:  0    Dex: 15    Spells: 4 memorised, 1 level left

rFire  . . .     SeeInvis +     a - +1 dagger
rCold  + . .     Gourm    .     b - +1 robe
rNeg   + + .     Faith    .     (no shield)
rPois  +         Spirit   .     (no helmet)
rElec  .         Reflect  .     (no cloak)
rCorr  .         Harm     .     (no gloves)
MR     .....                    (no boots)
Stlth  +++++.....               (no amulet)
                                (no ring)
                                (no ring)

@: regenerating slowly
A: fangs 3, see invisible, unbreathing
a: Bat Form, Renounce Religion


You were on level 4 of the Dungeon.
You worshipped Sif Muna.
Sif Muna was noncommittal.
You were very thirsty.

You visited 1 branch of the dungeon, and saw 4 of its levels.

You collected 153 gold pieces.

Inventory:

Hand Weapons
 a - a +1 dagger (weapon)
Missiles
 e - 95 stones (quivered)
 k - 11 curare-tipped needles
 o - 15 poisoned needles
 B - 5 tomahawks
Armour
 b - a +1 robe (worn)
Jewellery
 v - an uncursed ring of protection from fire {unknown}
Wands
 s - a wand of digging (14/24)
Scrolls
 g - a scroll of immolation {unknown}
 h - 2 scrolls of recharging {unknown}
 i - 3 scrolls of identify {unknown}
 j - 2 scrolls of teleportation {unknown}
 l - a scroll of fog {unknown}
 m - 3 scrolls of remove curse {unknown}
 n - 2 scrolls of enchant armour {unknown}
 p - a scroll of fear {unknown}
 r - a scroll of blinking {unknown}
 u - a scroll of enchant weapon {unknown}
 x - a scroll of amnesia {unknown}
 y - a scroll of random uselessness {unknown}
 z - a scroll of magic mapping {unknown}
Potions
 d - 8 potions of blood
 f - 2 potions of agility {unknown}
 q - a potion of flight {unknown}
 t - a potion of cancellation {unknown}
 w - a potion of beneficial mutation {unknown}
 A - a potion of curing {unknown}
Books
 c - a book of Maledictions

   Spells                             Type                      Level
   a - Corona                         Hexes                        1
   b - Ensorcelled Hibernation        Hexes/Ice                    2
   c - Confuse                        Hexes                        3
   d - Tukima's Dance                 Hexes                        3
   e - Dazzling Spray                 Conjuration/Hexes            3


   Skills:
 + Level 2.9 Short Blades
 + Level 3.2 Dodging
 * Level 9.5 Stealth
 + Level 2.8 Spellcasting
 + Level 5.3 Hexes


You had one spell level left.
You knew the following spells:

 Your Spells              Type           Power        Failure   Level  Hunger
a - Ensorcelled Hibernat  Hex/Ice        ##....       10%         2    ##.....
b - Corona                Hex            ###....      1%          1    None
c - Confuse               Hex            ###.....     6%          3    ###....
d - Tukima's Dance        Hex            ###.....     6%          3    ###....


Dungeon Overview and Level Annotations

Branches:
Dungeon (4/15)
 Temple: D:4-7

Altars:
Okawaru
Sif Muna


Innate Abilities, Weirdness & Mutations

You heal slowly.
You have razor-sharp teeth.
You have supernaturally acute eyesight. (SInv)
You can survive without breathing.


Message History

The orc hits your falchion but does no damage.
Your club hits the orc. The iguana bites your falchion. The hound bites you.
* * * LOW HITPOINT WARNING * * *
The iguana bites your falchion.
Your falchion falls from the air.
The hound bites you but does no damage. The hound bites you but does no damage.
The hound bites you but does no damage.
Casting: Tukima's Dance
Confirm with . or Enter, or press ? or * to list all spells.
Aiming: Ensorcelled Hibernation
Press: ? - help, Shift-Dir - straight line, f - hound
Aim: a hound (heavily wounded, chance to defeat MR: 51%)
The hound resists with some effort.
The hound bites you but does no damage. The hound closely misses you.
The hound closely misses you. The hound bites you but does no damage.
The hound stops to sniff the ground.
The hound bites you.
You die... ##....##.#####....#.###......# #........# ##P.PPPPPPPPPPP.###

...##.#### #P.....P.....P...#
.........### P.PPP.P.P.PPP.#.##
...........## P...P...P...P.#..#
............###PPPPP.PPP.P.P....#
...............P.....P...P.P.#...
.).......##....PPPPP.PPPPP.P.....
.........(..l.oh@........P.....<.
.........#####.PPP.P.PPP.P.P#....
.........# #.P...P.P...P.P#####
.......).#


#.PPP.PPPPPPPPP# .%.......# #.....#### ##### ########## ####### You could see an
iguana, a hound, an orc and a friendly club.

Vanquished Creatures
  An ogre (D:4)
  A bullfrog (D:4)
  A howler monkey (D:4)
  A hound (D:4)
  4 orc wizards
  Jessica (D:3)
  A worker ant (D:4)
  An adder (D:2)
  A shadow imp (D:4)
  An ooze (D:4)
  An adder skeleton (D:4)
  A worm (D:2)
  2 dart slugs
  2 leopard geckos
  5 orcs
  3 ball pythons
  11 bats
  2 giant cockroaches
  6 goblins
  3 hobgoblins
  11 kobolds
  3 frilled lizards (D:2)
  8 rats
71 creatures vanquished.

Vanquished Creatures (collateral kills)
  2 orcs (D:4)
2 creatures vanquished.

Vanquished Creatures (others)
  2 dancing weapons (D:4)
  A plant (D:3)
3 creatures vanquished.

Grand Total: 76 creatures vanquished

Notes
Turn   | Place    | Note
-------+----------+-------------------------------------------
     0 | D:1      | dngmouse the Vampire Enchanter began the quest for the Orb.
     0 | D:1      | Reached XP level 1. HP: 13/13 MP: 3/3
   139 | D:1      | Reached XP level 2. HP: 19/19 MP: 5/5
   143 | D:1      | Learned a level 2 spell: Ensorcelled Hibernation
   544 | D:1      | Reached skill level 5 in Stealth
   808 | D:2      | Reached XP level 3. HP: 9/24 MP: 6/6
  1029 | D:2      | Learned a level 3 spell: Confuse
  1147 | D:2      | Found an iron altar of Okawaru.
  1519 | D:3      | Found a faded altar of an unknown god.
  1604 | D:3      | Reached skill level 6 in Stealth
  1604 | D:3      | Reached XP level 4. HP: 30/30 MP: 4/7
  2197 | D:3      | Noticed Jessica
  2211 | D:3      | Killed Jessica
  2380 | D:3      | Reached skill level 7 in Stealth
  2671 | D:4      | Reached skill level 5 in Hexes
  2671 | D:4      | Reached XP level 5. HP: 35/35 MP: 8/8
  2682 | D:4      | Noticed an ogre
  2689 | D:4      | Killed an ogre
  2689 | D:4      | Reached skill level 8 in Stealth
  2697 | D:4      | Reached XP level 6. HP: 35/41 MP: 4/9
  3100 | D:4      | Found a deep blue altar of Sif Muna.
  3149 | D:4      | Became a worshipper of Sif Muna the Loreminder
  3789 | D:4      | Reached skill level 9 in Stealth
  3876 | D:4      | Learned a level 3 spell: Tukima's Dance
  4316 | D:4      | Slain by a hound

Skill      XL: |  1  2  3  4  5  6 |
---------------+-------------------+-----
Stealth        | 5 6 7 8 9 |  9.5
Short Blades   | 2 |  2.9
Hexes          | 5 |  5.3
Dodging        | 3 |  3.2
Spellcasting   | |  2.8

Action                   |  1- 3 |  4- 6 || total
-------------------------+-------+-------++-------
Melee: Dagger            |   101 |   402 ||   503
       Bite              |     6 |    53 ||    59
 Cast: Ensorcelled Hiber |     3 |    15 ||    18
       Tukima's Dance    |       |     4 ||     4
  Use: Potion            |       |     5 ||     5
 Stab: Sleeping          |    13 |    18 ||    31
       Distracted        |       |     1 ||     1
Armor: Robe              |    27 |    34 ||    61
Dodge: Dodged            |    85 |   108 ||   193
